 Dungeon Crawl Stone Soup version 0.29-a0-617-g7a6b98fccd (webtiles) character file.

Game seed: 8318293627242371022

250 Kaemin the Chopper (level 6, -3/53 HPs)
             Began as a Hill Orc Fighter on June 17, 2022.
             Was a Follower of Trog.
             Slain by an orc
             ... wielding a +0 war axe
              (7 damage)
             ... on level 3 of the Dungeon.
             The game lasted 00:16:08 (1766 turns).

Kaemin the Chopper (Hill Orc Fighter)               Turns: 1766, Time: 00:16:10

Health: -3/53      AC: 10    Str: 21    XL:     6   Next: 13%
Magic:  6/6        EV: 10    Int:  8    God:    Trog [*.....]
Gold:   106        SH:  0    Dex: 10    Spells: 5/5 levels left

rFire   . . .      SeeInvis .   d - +0 scythe
rCold   . . .      Faith    .   (shield currently unavailable)
rNeg    . . .      Spirit   .   b - +0 scale mail
rPois   .          Reflect  .   (no helmet)
rElec   .          Harm     .   k - +2 cloak
rCorr   .          Rampage  .   (no gloves)
Will    .....                   (no boots)
Stlth   ..........              (no amulet)
HPRegen 0.17/turn               (no ring)
MPRegen 0.10/turn               (no ring)

@: no status effects
A: no striking features
a: Renounce Religion, Berserk


You were on level 3 of the Dungeon.
You worshipped Trog.
Trog was aware of your devotion.
You visited 1 branch of the dungeon, and saw 3 of its levels.

You collected 106 gold pieces.

Inventory:

Hand Weapons
 a - a +0 war axe
 d - a +0 scythe (weapon)
 e - a +0 mace
 m - a +0 whip
 r - a +0 whip of flaming
Armour
 b - a +0 scale mail (worn)
 c - a +0 buckler
 k - a +2 cloak (worn)
 n - a +0 scale mail
 o - a +0 ring mail
Scrolls
 f - 3 scrolls of teleportation {unknown}
 g - 3 scrolls of magic mapping {unknown}
 h - a scroll of poison {unknown}
 j - 4 scrolls of enchant weapon {unknown}
 l - 2 scrolls of identify {unknown}
 p - a scroll of immolation {unknown}
 q - a scroll of amnesia {unknown}


   Skills:
 + Level 4.5 Fighting
 + Level 5.9 Axes
 + Level 4.4 Armour
 + Level 0.7 Dodging
 + Level 0.2 Stealth
 + Level 3.8 Shields


You had 5 spell levels left.
You didn't know any spells.
Your spell library was empty.

Dungeon Overview and Level Annotations

Branches:
Dungeon (3/15)

Altars:
Fedhas
Trog


Message History

The orc closely misses you.
The orc throws a boomerang.
The boomerang misses you.
You hear some strange, mumbled words.
Something tries to affect you, but you resist.
The orc closely misses you.
You closely miss the orc.
The orc is almost dead.
Something hits you but does no damage. The orc hits you with a +0 war axe.
Something hits you but does no damage.
The orc throws a boomerang.
The boomerang hits you but does no damage.
The orc barely misses you.
You barely miss the orc.
The orc is almost dead.
Something hits you. The orc hits you but does no damage.
The orc barely misses you. Something hits you.
* * * LOW HITPOINT WARNING * * *
You completely miss the orc.
The orc is severely wounded.
Something hits you but does no damage. The orc hits you with a +0 war axe.
* * * LOW HITPOINT WARNING * * *
You hear some strange, mumbled words.
Something tries to affect you, but you resist.
The orc closely misses you.
You hit the orc but do no damage.
The orc is severely wounded.
Something hits you but does no damage. The orc closely misses you.
The orc wizard points at you and mumbles some strange words.
You hit the orc but do no damage.
The orc is severely wounded.
The orc hits you but does no damage. Something hits you but does no damage.
The orc wizard gestures at you while chanting.
The magic dart hits something!
The orc closely misses you.
You barely miss the orc.
The orc is severely wounded.
You hear some strange, mumbled words.
A puff of flame appears from out of thin air!
The puff of flame hits you!
* * * LOW HITPOINT WARNING * * *
The orc hits you with a +0 war axe!
You die...

#.........#.#
#...........####
#####...............
...............$....
....................
#..........?...>
##o.......o......
########{{o.######o...$.
.......@o#### #....).
.######### ##.....
...... ...... .......
#......


You could see an orc wizard and 2 orcs.

Vanquished Creatures
  Sigmund (D:2)
  Terence (D:2)
  2 adders
  A worm (D:2)
  2 orcs
  4 ball pythons
  2 bats
  6 endoplasms
  2 giant cockroaches
  2 hobgoblins
  3 goblins
  3 kobolds
  5 rats
34 creatures vanquished.

Notes
Turn   | Place    | Note
-------+----------+-------------------------------------------
     0 | D:1      | Kaemin the Hill Orc Fighter began the quest for the Orb.
     0 | D:1      | Reached XP level 1. HP: 19/19 MP: 1/1
   278 | D:1      | Reached XP level 2. HP: 26/26 MP: 2/2
   287 | D:1      | Found a faded altar of an unknown god.
   318 | D:1      | Prayed at the altar of an unknown god.
   318 | D:1      | Became a worshipper of Trog the Wrathful
   318 | D:1      | Reached * piety under Trog
   600 | D:1      | Reached skill level 3 in Axes
   803 | D:2      | Found a blossoming altar of Fedhas.
   843 | D:2      | Reached XP level 3. HP: 18/33 MP: 3/3
   991 | D:2      | Noticed Terence
  1003 | D:2      | Killed Terence
  1004 | D:2      | Reached skill level 4 in Axes
  1004 | D:2      | Reached XP level 4. HP: 34/40 MP: 4/4
  1323 | D:2      | Noticed Sigmund
  1361 | D:2      | Killed Sigmund
  1362 | D:2      | Reached skill level 5 in Axes
  1362 | D:2      | Reached XP level 5. HP: 22/47 MP: 5/5
  1362 | D:2      | Reached XP level 6. HP: 25/53 MP: 6/6
  1499 | D:3      | Reached ** piety under Trog
  1766 | D:3      | Slain by an orc

Illustrated notes

Levels and vault maps discovered:
D:1:      saegor_arrival_simple_b, layout_rooms,
          shapermc_ecumenical_altar_notcrosses
D:2:      layout_basic, basic_altar, st_stairs_9, uniq_sigmund, uniq_terence
D:3:      layout_rooms, kennysheep_another_room

Skill      XL: |  1  2  3  4 |
---------------+-------------+-----
Axes           | 3 4 5 |  5.9
Fighting       | 4 |  4.5
Armour         | 4 |  4.4
Dodging        | |  0.7
Stealth        | |  0.2
Shields        | |  3.8

Action                   |  1- 3 |  4- 6 || total
-------------------------+-------+-------++-------
Melee: War axe           |    74 |    24 ||    98
       Scythe            |       |    30 ||    30
  Use: Potion            |       |     4 ||     4
Armor: Scale mail        |    35 |    65 ||   100
Dodge: Dodged            |    28 |    48 ||    76
Block: Buckler           |    15 |     1 ||    16

Table legend: (Time is in decaauts)
 A = Elapsed time spent in this place.
 B = Non-inter-level travel time spent in this place.
 C = Inter-level travel time spent in this place.
 D = Time resting spent in this place.
 E = Time spent auto-exploring this place.
 F = Levels seen in this place.
 G = Mean time per level.
                   A        B        C        D        E       F      G
               +--------+--------+--------+--------+--------+-----+--------+
         Total |   1826 |   1219 |    607 |      0 |    622 |   3 |  608.7 |
       Dungeon |   1826 |   1219 |    607 |      0 |    622 |   3 |  608.7 |
               +--------+--------+--------+--------+--------+-----+--------+

Top non-repeatable levels by time:
     D:2: 987 daAuts
     D:1: 732 daAuts
     D:3: 106 daAuts
